Map: Emerald City LE

Players

EMV

  • Race: Terran Terran
  • Spawn Location: 5:00

Markus

  • Race: Protoss Protoss
  • League: Platinum
  • Spawn Location: 5:00

qqq - Winner!

  • Race: Zerg Zerg
  • League: Platinum
  • Spawn Location: 11:00

Massa - Winner!

  • Race: Terran Terran
  • League: Platinum
  • Spawn Location: 11:00

VOD

Have the link to the VOD?

Description

Time

  • Played on: Jan. 24, 2021, 11:58 a.m.
  • Length: 6:23
Show
View Real Time Build Order
Export as new Build Order

EMV Terran 

Build Orders:  

Get SALT Encoding   

  12  0:00  SCV  
  13  0:15  SCV  
  13  0:18  Supply Depot  
  14  0:27  SCV  
  15  0:32  Refinery  
  15  0:42  Barracks  
  15  0:45  SCV  
  16  0:57  SCV  
  17  1:09  SCV  
  18  1:21  SCV  
  19  1:28  Refinery  
  19  1:29  Reaper  
  20  1:33  Orbital Command  
  20  1:38  Supply Depot  
  20  2:01  SCV  
  21  2:13  Command Center  
  21  2:14  SCV  
  22  2:20  Marine  
  23  2:26  SCV  
  23  2:29  Supply Depot  
  24  2:39  SCV  
  25  2:46  Barracks  
  25  2:48  Barracks Tech Lab, Factory  
  25  2:54  SCV  
  26  3:06  SCV  
  27  3:18  SCV  
  28  3:26  Barracks  
  28  3:30  SCV  
  28  3:32  Orbital Command  
  28  3:34  Factory Tech Lab  
  29  3:36  Starport  
  29  3:38  Stimpack  
  29  3:42  SCV  
  29  3:47  Marine  
  32  3:51  Barracks Reactor  
  32  3:54  SCV, Siege Tank  
  35  4:00  SCV  
  36  4:06  SCV  
  37  4:13  SCV  
  38  4:18  SCV  
  38  4:25  SCV  
  38  4:26  Marauder, Marine x3, Siege Tank  
  38  4:29  Starport Reactor  
  38  4:31  SCV  
  48  4:42  SCV  
  48  4:43  SCV  
  50  4:46  Supply Depot  
  50  4:48  Marauder  
  50  4:49  Supply Depot x2  
  50  4:51  Barracks Tech Lab, Barracks  
  52  4:59  Marine x2  
  54  5:09  Marine  
  54  5:11  SCV x2  
  57  5:17  Marine x2  
  53  5:27  Marauder  
  52  5:34  Marine  
  52  5:35  Marine x2  
  50  5:42  Medivac  
  52  5:48  Marauder  
  54  5:52  Marauder  
  54  5:53  Marine  
Show
View Real Time Build Order
Export as new Build Order

Markus Protoss 

Build Orders:  

Get SALT Encoding   

  12  0:10  Pylon  
  12  0:12  Probe (Chrono Boost)  
  13  0:21  Probe  
  14  0:33  Gateway  
  14  0:37  Probe  
  15  0:46  Assimilator  
  15  0:54  Probe  
  15  0:55  Assimilator  
  16  1:07  Gateway  
  17  1:12  Probe (Chrono Boost)  
  17  1:20  Pylon  
  17  1:23  Probe (Chrono Boost)  
  18  1:31  Zealot  
  20  1:38  Probe  
  21  1:50  Cybernetics Core  
  21  2:07  Zealot  
  21  2:08  Zealot  
  25  2:14  Probe (Chrono Boost)  
  26  2:20  Probe (Chrono Boost)  
  27  2:28  Probe  
  28  2:34  Stalker  
  30  2:40  Probe  
  30  2:44  Forge  
  31  2:52  Warp Gate  
  31  3:26  Pylon  
  31  3:29  Pylon  
  31  3:37  Protoss Ground Weapons Level 1  
  31  3:42  Stalker (Chrono Boost)  
  31  3:44  Probe, Stalker  
  31  3:47  Gateway  
  36  4:12  Stalker  
  36  4:14  Stalker  
  40  4:18  Robotics Facility  
  40  4:42  Stalker  
  40  4:44  Stalker  
  40  4:45  Probe  
  45  4:50  Stalker  
  47  5:02  Pylon  
  47  5:08  Pylon  
  47  5:20  Probe  
  48  5:30  Stalker  
  48  5:31  Stalker x2  
  52  5:49  Pylon  
Show
View Real Time Build Order
Export as new Build Order

qqq Zerg - Winner!

Build Orders: Hatch First 

Get SALT Encoding   

  12  0:00  Drone  
  13  0:08  Drone  
  14  0:18  Overlord  
  14  0:47  Hatchery  
  13  1:00  Drone x3  
  16  1:18  Drone  
  17  1:23  Drone  
  18  1:32  Spawning Pool  
  17  1:33  Drone  
  17  1:34  Extractor  
  17  1:54  Drone  
  18  2:02  Hatchery  
  18  2:05  Drone x2  
  18  2:09  Drone  
  18  2:13  Drone  
  20  2:16  Drone  
  21  2:26  Queen  
  23  2:36  Metabolic Boost  
  23  2:39  Drone x2  
  25  2:45  Overlord  
  25  2:48  Drone  
  26  2:59  Zergling x4  
  28  3:09  Queen  
  28  3:10  Drone x2  
  28  3:12  Overlord  
  32  3:15  Zergling x2  
  32  3:19  Drone  
  34  3:30  Lair  
  34  3:37  Queen  
  34  3:38  Drone  
  34  3:39  Drone x2  
  39  3:44  Drone x2  
  39  3:47  Overlord  
  41  3:51  Drone  
  41  3:52  Extractor  
  41  3:54  Drone  
  42  3:57  Overlord  
  42  4:06  Zergling x4, Overlord  
  42  4:08  Drone  
  45  4:14  Drone  
  46  4:21  Drone, Zergling x2  
  46  4:22  Overlord  
  46  4:23  Drone  
  46  4:24  Drone, Zergling x2  
  51  4:25  Zergling x2  
  51  4:30  Zergling x4  
  54  4:36  Zergling x2  
  54  4:37  Zergling x2  
  56  4:42  Zergling x2  
  56  4:45  Zergling x6  
  60  4:46  Zergling x6  
  60  4:52  Zergling x2  
  64  4:54  Zergling x4  
  64  4:57  Zergling x2  
  67  5:06  Zergling x4  
  67  5:07  Zergling x4  
  62  5:29  Zergling x2  
  62  5:30  Zergling x6  
  62  5:31  Zergling x10  
  62  5:32  Zergling x2  
  71  5:38  Zergling x2  
  71  5:39  Zergling x4  
  71  5:42  Overlord  
  73  5:43  Overlord x4  
Show
View Real Time Build Order
Export as new Build Order

Massa Terran - Winner!

Build Orders: Reaper Expand 

Get SALT Encoding   

  12  0:00  SCV  
  13  0:12  SCV  
  14  0:18  Supply Depot  
  14  0:24  SCV  
  15  0:39  SCV  
  15  0:40  Barracks  
  16  0:51  SCV  
  16  0:52  Refinery  
  17  1:04  SCV  
  18  1:16  SCV  
  19  1:28  Orbital Command  
  19  1:30  Supply Depot  
  19  1:45  Command Center  
  19  1:50  Reaper  
  19  1:54  SCV  
  21  2:06  Barracks  
  21  2:11  SCV  
  22  2:22  Reaper  
  23  2:40  Barracks  
  23  2:42  SCV, Factory  
  24  2:54  Marine  
  24  2:57  Reaper  
  26  3:00  Orbital Command  
  27  3:12  Reaper  
  27  3:17  SCV  
  28  3:24  Refinery  
  28  3:26  Engineering Bay  
  28  3:29  SCV, Hellion, Marine  
  28  3:31  Marine  
  33  3:41  SCV x2  
  34  3:44  Marine  
  34  3:47  Marine  
  37  3:49  Marine  
  37  3:53  SCV  
  39  3:56  SCV  
  40  4:05  SCV  
  40  4:06  Supply Depot x2  
  40  4:08  SCV  
  42  4:17  SCV  
  43  4:32  Factory Tech Lab  
  43  4:33  Barracks Tech Lab  
  43  4:38  Marine  
  43  4:39  Barracks Tech Lab  
  43  4:40  SCV x2  
  43  4:42  Refinery  
  46  4:46  Command Center  
  46  4:50  Missile Turret  
  46  4:52  SCV x2, Missile Turret  
  46  4:56  Marine  
  49  5:12  Siege Tank  
  52  5:15  Marauder x2, Marine  
  57  5:33  Marine  
  58  5:36  Marine x2  
  59  5:49  SCV x2  
  60  6:01  SCV x2  
Tags
 
Add a new tag
Caveats
  • Supply blocks, unpowered buildings, or Contaminate may cause inaccurate times.
  • Supply counts are checked every 10 seconds.